Map: Romanticide LE

Players

Stats - Winner!

  • Race: Protoss Protoss
  • Spawn Location: 11:00

Neeb

  • Race: Protoss Protoss
  • Spawn Location: 5:00

Event: ASUS ROG Online 2020

VOD

Have the link to the VOD?

Description

Time

  • Played on: Nov. 27, 2020, 2:20 p.m.
  • Length: 21:37

All games in this series

Show
View Real Time Build Order
Export as new Build Order

Stats Protoss - Winner!

Build Orders: 1 Gate Expand, Proxy Void Ray 

Get SALT Encoding   

  12  0:00  Probe  
  13  0:12  Probe  
  14  0:18  Pylon  
  14  0:24  Probe (Chrono Boost)  
  15  0:36  Gateway  
  15  0:37  Probe (Chrono Boost)  
  16  0:44  Probe (Chrono Boost)  
  16  0:46  Assimilator  
  17  0:51  Probe  
  18  1:03  Probe  
  19  1:15  Probe  
  20  1:23  Nexus  
  20  1:32  Cybernetics Core  
  20  1:35  Probe  
  21  1:41  Assimilator  
  21  1:48  Probe  
  22  1:54  Pylon  
  22  2:00  Probe  
  23  2:10  Stalker (Chrono Boost)  
  23  2:12  Warp Gate, Probe  
  26  2:25  Probe  
  26  2:29  Stargate  
  27  2:36  Stalker (Chrono Boost), Probe  
  27  2:37  Probe  
  31  2:44  Shield Battery  
  32  2:51  Probe x2 (Chrono Boost)  
  33  3:03  Stalker, Shield Battery  
  35  3:08  Probe (Chrono Boost)  
  35  3:09  Void Ray (Chrono Boost)  
  35  3:10  Probe (Chrono Boost)  
  40  3:25  Pylon  
  40  3:28  Probe x2  
  42  3:39  Void Ray  
  42  3:40  Probe x2  
  44  3:47  Shield Battery  
  48  3:52  Probe x2  
  48  3:53  Shield Battery  
  50  4:05  Stalker  
  52  4:10  Probe x2  
  52  4:13  Pylon  
  54  4:21  Pylon  
  54  4:22  Pylon  
  54  4:29  Pylon  
  54  4:36  Twilight Council  
  54  4:37  Forge  
  54  4:39  Probe x2  
  54  4:40  Stalker  
  54  4:45  Gateway, Robotics Facility  
  58  4:49  Assimilator  
  58  4:51  Probe x2  
  60  4:58  Gateway  
  60  5:03  Probe x2  
  60  5:05  Protoss Ground Weapons Level 1 (Chrono Boost), Pylon, Stalker  
  64  5:14  Assimilator  
  64  5:15  Probe x2  
  66  5:23  Nexus  
  66  5:27  Blink (Chrono Boost)  
  66  5:31  Pylon  
  66  5:35  Probe x2  
  67  5:48  Probe x2  
  70  5:50  Observer  
  70  5:54  Stalker x3  
  76  6:01  Probe x2  
  77  6:13  Probe x2 (Chrono Boost)  
  77  6:15  Gateway  
  77  6:18  Gateway  
  79  6:19  Sentry x2  
  79  6:21  Gateway, Observer  
  79  6:24  Gateway, Probe x2 (Chrono Boost)  
  86  6:27  Shield Battery  
  86  6:34  Probe  
  86  6:35  Pylon, Probe  
  86  6:36  Probe  
  86  6:39  Gateway  
  89  6:41  Pylon  
  89  6:46  Probe  
  90  6:47  Probe  
  90  6:48  Probe  
  90  6:50  Protoss Ground Weapons Level 2 (Chrono Boost)  
  90  6:51  Pylon  
  92  6:58  Nexus  
  92  7:01  Probe x3  
  92  7:02  Charge  
  95  7:14  Observer  
  95  7:16  Probe x3  
  95  7:18  Pylon  
  95  7:21  Pylon  
  98  7:32  Stalker  
  98  7:33  Stalker x4  
  108  7:37  Probe x3  
  108  7:42  Shield Battery  
  108  7:43  Shield Battery  
  111  7:45  Stalker x3  
  111  7:49  Probe x2  
  119  7:53  Probe  
  120  8:01  Sentry, Pylon, Probe x2  
  120  8:03  Pylon  
  120  8:05  Stalker  
  126  8:06  Stalker x2  
  126  8:08  Probe  
  128  8:13  Probe  
  128  8:14  Probe  
  130  8:23  Gateway  
  130  8:24  Gateway  
  130  8:33  Zealot x8, Observer  
  146  8:34  Warp Prism (Chrono Boost)  
  146  8:40  Photon Cannon  
  148  8:46  Pylon  
  148  8:48  Assimilator  
  148  8:49  Assimilator  
  148  8:51  Protoss Ground Weapons Level 3 (Chrono Boost)  
  148  8:53  Pylon  
  148  8:59  Stalker x6  
  159  9:03  Stalker, Zealot  
  163  9:10  Robotics Facility  
  163  9:13  Robotics Bay  
  163  9:17  Photon Cannon  
  145  9:40  Zealot x2  
  145  9:41  Zealot x8  
  165  9:47  Photon Cannon  
  165  9:52  Probe x4  
  169  9:58  Pylon  
  169  9:59  Pylon, Disruptor  
  169  10:00  Disruptor  
  169  10:01  Gravitic Boosters  
  175  10:10  Templar Archives  
  175  10:17  Zealot x10  
  195  10:27  Nexus  
  195  10:35  Disruptor (Chrono Boost)  
  193  10:38  Disruptor (Chrono Boost)  
  193  10:45  Pylon  
  193  10:49  Pylon  
  177  11:01  Stalker x5  
  177  11:02  Stalker x4  
  195  11:06  Disruptor (Chrono Boost)  
  195  11:08  Gateway  
  195  11:09  Gateway  
  195  11:10  Stalker, Shield Battery  
  200  11:11  Photon Cannon  
  192  11:19  Observer  
  191  11:27  Zealot x4  
  199  11:37  Observer  
  192  11:47  Protoss Ground Armor Level 1  
  188  11:51  Zealot x6  
  188  11:52  Zealot x4  
  200  11:55  Forge  
  200  11:57  Gateway  
  200  11:59  Gateway  
  200  12:01  Disruptor  
  199  12:14  Warp Prism  
  199  12:17  Assimilator  
  199  12:19  Assimilator  
  199  12:23  Photon Cannon  
  199  12:24  Protoss Shields Level 1  
  199  12:25  Photon Cannon  
  199  12:28  Photon Cannon  
  199  12:30  Shield Battery  
  199  12:37  Gateway  
  199  12:39  Gateway  
  148  13:06  Zealot x11  
  148  13:07  Zealot x3  
  157  13:16  Disruptor (Chrono Boost)  
  157  13:17  Disruptor (Chrono Boost)  
  145  13:26  Stalker  
  145  13:27  Stalker x5  
  140  13:28  Stalker x5  
  140  13:29  Stalker x2  
  140  13:30  Stalker  
  160  13:47  Disruptor x2 (Chrono Boost)  
  158  13:56  Stalker x7  
  158  13:57  Stalker x2, Zealot x3  
  157  14:18  Observer x2  
  146  14:29  Zealot x5  
  146  14:30  Zealot x9  
  150  14:51  Nexus  
  150  14:56  High Templar x4  
  157  15:06  High Templar x4  
  165  15:09  Archon x2  
  165  15:10  Archon x2  
  165  15:12  Observer x2  
  166  15:20  Stalker x4  
  169  15:47  Pylon  
  168  15:50  Nexus  
  168  15:53  Pylon  
  168  16:00  Disruptor x2  
  164  16:16  Stalker  
  164  16:17  Stalker x3  
  139  16:33  Stalker x6  
  139  16:34  Stalker  
  153  16:40  Probe x4  
  153  16:41  Photon Cannon  
  153  16:44  Photon Cannon  
  157  16:47  Shield Battery  
  157  16:54  Assimilator  
  157  16:55  Assimilator  
  157  17:05  Disruptor (Chrono Boost)  
  157  17:06  Disruptor (Chrono Boost)  
  163  17:12  Assimilator  
  163  17:27  Zealot x5  
  163  17:28  Zealot x9  
  173  17:38  Disruptor x2 (Chrono Boost)  
  179  17:49  Stalker x2  
  179  17:50  Stalker x5  
  189  18:03  Stalker  
  189  18:04  Stalker x4  
  199  18:13  Photon Cannon  
  199  18:38  Pylon  
  199  18:40  Nexus  
  188  18:48  Protoss Ground Armor Level 2  
  188  18:49  Protoss Shields Level 2  
  183  18:55  Stalker  
  183  18:56  Stalker x5  
  195  19:23  Observer  
  194  19:47  Zealot x3  
  152  20:22  Zealot x2, Observer x2  
  152  20:23  Zealot x12  
  175  20:44  Stalker x5  
  175  20:45  Stalker x7  
  150  21:11  Stalker x7, Zealot x2  
  146  21:12  Zealot x3  
Show
View Real Time Build Order
Export as new Build Order

Neeb Protoss 

Build Orders:  

Get SALT Encoding   

  12  0:00  Probe  
  13  0:12  Probe  
  14  0:17  Pylon  
  14  0:24  Probe (Chrono Boost)  
  15  0:36  Probe (Chrono Boost)  
  15  0:37  Gateway  
  16  0:44  Probe (Chrono Boost)  
  16  0:47  Assimilator  
  17  0:51  Probe  
  17  0:54  Assimilator  
  18  1:03  Probe (Chrono Boost)  
  19  1:07  Gateway  
  19  1:12  Probe (Chrono Boost)  
  19  1:17  Probe (Chrono Boost)  
  21  1:25  Cybernetics Core  
  21  1:29  Probe  
  22  1:35  Pylon  
  22  1:41  Probe  
  23  1:53  Probe  
  24  2:01  Adept x2  
  24  2:03  Warp Gate  
  28  2:12  Pylon  
  28  2:39  Nexus  
  28  2:41  Adept  
  28  2:42  Adept  
  32  2:46  Probe  
  33  2:58  Pylon  
  33  2:59  Probe  
  34  3:11  Adept  
  34  3:12  Adept  
  38  3:15  Probe  
  39  3:21  Shield Battery  
  39  3:28  Probe (Chrono Boost)  
  39  3:29  Shield Battery  
  40  3:40  Twilight Council, Probe (Chrono Boost)  
  41  3:48  Probe (Chrono Boost)  
  42  3:54  Adept  
  42  3:55  Adept  
  46  3:57  Probe (Chrono Boost)  
  46  4:02  Probe (Chrono Boost)  
  48  4:09  Probe (Chrono Boost)  
  49  4:12  Pylon  
  49  4:14  Blink (Chrono Boost), Probe (Chrono Boost)  
  50  4:18  Probe (Chrono Boost)  
  50  4:20  Probe (Chrono Boost)  
  50  4:23  Probe  
  52  4:29  Probe  
  52  4:32  Forge  
  52  4:35  Probe  
  51  4:38  Sentry  
  51  4:39  Sentry  
  51  4:42  Probe  
  56  4:46  Gateway  
  56  4:48  Gateway  
  57  4:52  Probe  
  57  4:54  Probe  
  57  4:55  Assimilator  
  58  5:01  Sentry  
  58  5:02  Protoss Ground Weapons Level 1 (Chrono Boost), Stalker  
  62  5:09  Pylon  
  62  5:14  Pylon  
  62  5:23  Pylon  
  62  5:27  Probe x2  
  64  5:30  Nexus  
  64  5:38  Stalker  
  64  5:39  Probe x2  
  68  5:44  Stalker  
  68  5:47  Stalker  
  72  5:52  Robotics Facility  
  72  5:53  Probe  
  72  5:55  Probe  
  74  6:01  Stalker  
  74  6:02  Stalker  
  76  6:07  Probe x2 (Chrono Boost)  
  53  6:11  Phoenix, Pylon  
  76  6:16  Stalker  
  80  6:19  Probe (Chrono Boost)  
  80  6:22  Probe (Chrono Boost)  
  80  6:24  Probe (Chrono Boost)  
  81  6:25  Stalker  
  81  6:27  Stalker  
  81  6:29  Probe  
  81  6:31  Pylon  
  81  6:32  Shield Battery  
  86  6:34  Probe  
  87  6:40  Observer (Chrono Boost)  
  87  6:41  Probe  
  87  6:42  Stalker  
  87  6:43  Stalker  
  87  6:45  Probe  
  87  6:46  Probe  
  96  6:56  Assimilator x2  
  97  7:02  Immortal (Chrono Boost)  
  97  7:03  Gateway  
  97  7:04  Gateway  
  99  7:09  Probe x2  
  99  7:10  Stalker x2  
  105  7:16  Stalker, Shield Battery  
  105  7:19  Stalker  
  109  7:25  Shield Battery  
  109  7:27  Protoss Ground Weapons Level 2 (Chrono Boost)  
  109  7:31  Immortal (Chrono Boost)  
  113  7:39  Stalker x2  
  113  7:43  Pylon  
  117  7:44  Pylon  
  117  7:49  Robotics Bay  
  117  7:50  Pylon  
  117  8:01  Probe  
  117  8:04  Pylon x3  
  118  8:11  Stalker x5  
  128  8:13  Stalker  
  128  8:17  Assimilator, Probe x3  
  129  8:21  Assimilator  
  129  8:25  Robotics Facility  
  129  8:30  Pylon  
  129  8:31  Probe  
  129  8:32  Photon Cannon  
  129  8:34  Photon Cannon  
  130  8:36  Observer  
  131  8:43  Probe  
  131  8:47  Nexus  
  132  8:48  Nexus  
  132  8:52  Pylon  
  132  8:59  Disruptor (Chrono Boost)  
  135  9:10  Disruptor (Chrono Boost)  
  138  9:20  Observer  
  140  9:25  Disruptor (Chrono Boost)  
  140  9:27  Stalker  
  140  9:28  Stalker x5, Pylon  
  150  9:37  Disruptor (Chrono Boost)  
  147  9:50  Gateway  
  147  9:52  Gateway  
  147  9:55  Disruptor (Chrono Boost)  
  147  9:56  Stalker x3  
  156  10:01  Nexus  
  156  10:02  Pylon  
  156  10:06  Disruptor (Chrono Boost)  
  154  10:07  Stalker x3  
  163  10:17  Dark Shrine, Probe x2  
  163  10:18  Probe  
  166  10:22  Pylon  
  166  10:39  Stalker x6, Photon Cannon  
  175  10:44  Disruptor  
  170  10:58  Nexus  
  170  10:59  Protoss Ground Weapons Level 3 (Chrono Boost), Disruptor  
  170  11:00  Photon Cannon  
  170  11:01  Shield Battery  
  170  11:02  Probe x2  
  175  11:09  Stalker  
  175  11:20  Observer  
  176  11:28  Stalker x5  
  186  11:39  Probe  
  187  11:40  Probe  
  187  11:41  Stalker  
  187  11:52  Probe  
  187  11:53  Assimilator  
  188  11:55  Assimilator  
  188  12:01  Probe x2  
  188  12:05  Pylon, Shadow Stride  
  188  12:07  Pylon  
  188  12:13  Observer x2  
  188  12:15  Gravitic Boosters  
  186  12:16  Shield Battery  
  186  12:18  Photon Cannon  
  186  12:19  Photon Cannon  
  186  12:20  Pylon  
  188  12:23  Pylon  
  188  12:29  Photon Cannon x2  
  188  12:30  Observer  
  188  12:32  Shield Battery  
  188  12:33  Probe x2  
  188  12:34  Probe  
  192  12:37  Probe  
  191  12:45  Probe  
  191  12:46  Probe x2  
  194  13:05  Zealot x6  
  175  13:06  Zealot x2  
  164  13:17  Probe x2  
  164  13:18  Probe  
  163  13:21  Probe  
  163  13:24  Assimilator  
  164  13:28  Stalker x7  
  164  13:30  Photon Cannon, Nexus  
  178  13:35  Pylon  
  178  13:37  Observer x2  
  180  13:42  Stalker  
  180  13:51  Charge  
  180  13:52  Protoss Ground Armor Level 1 (Chrono Boost)  
  174  13:55  Dark Templar  
  174  13:56  Dark Templar x5  
  174  13:57  Dark Templar  
  174  13:59  Observer x2  
  174  14:02  Probe  
  168  14:22  Stalker  
  166  14:28  Stalker x2  
  166  14:29  Stalker x4  
  166  14:31  Probe x2  
  162  14:35  Disruptor x2  
  163  14:40  Probe  
  164  14:45  Photon Cannon  
  164  14:49  Photon Cannon  
  164  14:50  Shield Battery  
  161  15:04  Stalker x2  
  161  15:05  Stalker x6  
  176  15:10  Disruptor x2  
  182  15:19  Robotics Facility  
  181  15:33  Stalker x7  
  181  15:35  Probe  
  195  15:44  Assimilator  
  195  15:45  Assimilator  
  195  15:46  Photon Cannon, Disruptor  
  196  15:55  Observer  
  178  16:06  Zealot  
  178  16:07  Zealot x3, Dark Templar x4  
  147  16:34  Stalker x4  
  155  16:42  Probe x2  
  157  16:47  Zealot x2, Dark Templar x2  
  165  16:57  Stalker x4  
  173  17:06  Stargate, Nexus  
  172  17:11  Pylon  
  172  17:13  Pylon  
  172  17:22  Zealot x8  
  188  17:36  Disruptor x2 (Chrono Boost)  
  185  17:46  Nexus  
  185  17:48  Unknown  
  185  17:50  Pylon, Oracle  
  182  17:59  Fleet Beacon  
  182  18:00  Stargate  
  182  18:01  Colossus (Chrono Boost)  
  182  18:03  Stargate  
  178  18:08  Disruptor (Chrono Boost)  
  181  18:20  Zealot x6  
  191  18:35  Photon Cannon  
  191  18:36  Photon Cannon, Disruptor  
  191  18:38  Shield Battery  
  184  18:51  Disruptor  
  184  18:55  Tempest x3  
  198  18:59  Pylon  
  198  19:05  Protoss Air Weapons Level 1 (Chrono Boost)  
  198  19:09  Nexus  
  198  19:11  Photon Cannon x2  
  198  19:12  Photon Cannon x2  
  198  19:16  Shield Battery  
  196  19:49  Pylon  
  164  20:07  Stalker x6  
  164  20:11  Disruptor x2  
  160  20:23  Probe x2  
  160  20:26  Probe x3  
  160  20:27  Tempest x2 (Chrono Boost)  
  160  20:28  Tempest (Chrono Boost)  
  188  20:52  Pylon  
  188  20:53  Dark Templar x4  
  143  21:06  Stalker x4  
  140  21:18  Probe  
  140  21:19  Probe  
  124  21:26  Dark Templar x3  
  124  21:27  Dark Templar  
Tags
 
Add a new tag
Caveats
  • Supply blocks, unpowered buildings, or Contaminate may cause inaccurate times.
  • Supply counts are checked every 10 seconds.